AoeStats
← dashuaibi

Nomad

510065702Analyzed
3v3 RM · 2d ago on Sep 29, 2026· 53m 34s· 6 players
Game mode
Random Map
Map size
210×210
Population
200
Speed
Normal
Resources
Standard
Victory
Conquest
Starting age
Dark Age
Ending age
Imperial Age
RankedLock teamsTeams togetherTeam positionsShared explorationLock speedFull tech treeHidden civsTurbo modeCheats
Victory
Defeat
🇧🇪 Hindustanis · Belgium
1506
+10
🇨🇳 Japanese · China
1351
+17
🇻🇳 Saxons · Vietnam
1293
+19
🇳🇿 Mongols · New Zealand
1527
-21
🇳🇿 Malians · New Zealand
1332
-14
🇳🇿 Saxons · New Zealand
1249
-11
StripedTurtle
5:08 Loom
13:48 Feudal Age
19:08 Castle Age
23:48 Double-Bit Axe
24:11 Scale Mail Armor
24:22 Forging
41:22 Medium Warships
42:43 Wheelbarrow
45:11 Fishing Lines
45:28 Horse Collar
46:01 Bow Saw
51:19 Hand Cart
53:50 Imperial Age
53:59 Imperial Age
52:35 Gold Mining
52:47 Heavy Plow
52:14 Pikeman
52:56 Squires
52:41 Gambesons
52:45 Arson
JayJayNico
7:02 Loom
12:04 Feudal Age
10:47 Loom
17:24 Castle Age
16:55 Double-Bit Axe
17:09 Fishing Lines
18:21 Bow Saw
20:47 Medium Warships
22:46 Gold Mining
24:33 Fletching
25:12 Pikeman
25:54 Bodkin Arrow
26:37 Gold Shaft Mining
27:35 Ballistics
29:23 Padded Archer Armor
30:00 Wheelbarrow
29:20 Stone Mining
30:19 Thumb Ring
31:43 Husbandry
32:20 Leather Archer Armor
38:58 Bloodlines
41:09 Stone Shaft Mining
44:23 Imperial Age
43:40 Hand Cart
43:11 Town Watch
44:38 Scale Mail Armor
44:56 Capped Ram
46:17 Bracer
48:29 Chemistry
48:55 Elite Mangudai
50:08 Masonry
bolts98
4:55 Loom
13:45 Feudal Age
18:17 Castle Age
36:19 Wheelbarrow
39:40 Double-Bit Axe
39:38 Horse Collar
41:52 Scale Mail Armor
42:17 Bow Saw
42:11 Heavy Plow
44:33 Chain Mail Armor
44:29 Forging
48:46 Pikeman
JanVerplanken
8:58 Loom
13:07 Feudal Age
13:56 Double-Bit Axe
16:49 Forging
18:57 Castle Age
18:12 Forging
19:30 Scale Barding Armor
22:19 Light Cavalry
27:13 Chain Barding Armor
28:35 Husbandry
31:13 Bloodlines
33:54 Wheelbarrow
34:16 Iron Casting
34:15 Gold Mining
34:15 Stone Mining
35:34 Horse Collar
37:17 Bow Saw
38:04 Hand Cart
41:48 Imperial Age
42:36 Gold Shaft Mining
41:51 Stone Mining
43:04 Plate Barding Armor
41:52 Heavy Camel Rider
43:22 Ballistics
44:40 Two-Man Saw
43:50 Town Watch
45:56 Blast Furnace
45:40 Hussar
47:13 Imperial Camel Rider
48:08 Heavy Plow
51:35 Chemistry
51:01 Conscription
bina
4:37 Loom
14:02 Feudal Age
18:22 Fletching
23:20 Castle Age
24:05 Double-Bit Axe
29:39 Scale Mail Armor
30:32 Bow Saw
30:52 Horse Collar
32:38 Fishing Lines
33:31 Squires
33:17 Gambesons
33:18 Arson
34:54 Wheelbarrow
35:01 Forging
35:07 Chain Mail Armor
37:06 Iron Casting
36:36 Padded Archer Armor
37:37 Bodkin Arrow
40:22 Hand Cart
40:24 Leather Archer Armor
44:12 Imperial Age
41:08 Crossbowman
42:20 Thumb Ring
43:08 Town Watch
44:03 Ballistics
44:01 Masonry
44:39 Arbalester
47:06 Two-Man Saw
47:23 Chemistry
46:04 Treadmill Crane
47:08 Siege Engineers
47:12 Bracer
47:43 Ring Archer Armor
48:21 Elite Skirmisher
49:20 Gillnets
49:33 Shield Wall
dashuaibi
4:27 Loom
15:33 Feudal Age
17:43 Forging
18:12 Fishing Lines
20:35 Castle Age
18:38 Double-Bit Axe
20:43 Scale Mail Armor
22:12 Iron Casting
21:52 Chain Mail Armor
21:41 Gillnets
29:40 Squires
29:25 Arson
29:25 Gambesons
31:57 Wheelbarrow
34:32 Imperial Age
31:58 Horse Collar
34:54 Hand Cart
34:24 Town Watch
35:58 Bow Saw
35:51 Heavy Plow
36:44 Conscription
37:27 Blast Furnace
36:57 Plate Mail Armor
36:53 Gold Mining
36:53 Stone Mining
36:41 Capped Ram
39:44 Two-Man Saw
39:41 Gold Shaft Mining
40:21 Ballistics
39:43 Treadmill Crane
40:13 Masonry
40:26 Ballistics
41:07 Chemistry
40:13 Siege Engineers
40:05 Murder Holes
40:26 Fletching
41:31 Siege Engineers
41:17 Guard Tower
41:13 Arrowslits
42:11 Yasama
41:33 Elite Samurai
43:58 Hoardings
43:52 Kataparuto
44:07 Hoardings
44:34 Keep
43:58 Bodkin Arrow
45:45 Bracer
45:58 Fortified Wall
Connection lost

Rejoining the realm…

Still unreachable

The connection could not be restored.

Session expired

The server has moved on; the page needs a fresh start.